 Dungeon Crawl Stone Soup version 0.29.1-15-g9cfb28693d (webtiles) character file.

Game seed: 1846171705583535062

257432 Gabide the Conqueror (level 19, -1/245 HPs)
             Began as an Ogre Monk on Mar 7, 2023.
             Was a Priest of Elyvilon.
             Slain by a dire elephant (13 damage)
             ... on level 1 of the Vaults.
             The game lasted 02:28:27 (39801 turns).

Gabide the Conqueror (Ogre Monk)                   Turns: 39801, Time: 02:28:28

Health: -1/245     AC: 12    Str: 26    XL:     19   Next: 84%
Magic:  30/31      EV: 14    Int:  5    God:    Elyvilon [***...]
Gold:   3412       SH:  0    Dex: 11    Spells: 18/18 levels left

rFire   + + .      SeeInvis +   a - +4 bardiche (freeze)
rCold   + . .      Faith    .   (shield currently unavailable)
rNeg    . . .      Spirit   .   y - +2 troll leather armour
rPois   +          Reflect  .   c - +2 hat
rElec   +          Harm     .   D - +2 cloak {Stlth+}
rCorr   .          Rampage  .   (gloves unavailable)
Will    +....                   (boots unavailable)
Stlth   ++........              Q - amulet "Gararr" {+Inv rF++ rC+ Regen+ Int-2}
HPRegen 2.10/turn               t - ring of see invisible
MPRegen 0.22/turn               f - ring of poison resistance

@: studying Unarmed Combat
A: large, unfitting armour, tough skin 1, dopey 2, electricity resistance
}: 2/15 runes: barnacled, gossamer
a: Renounce Religion, Evoke Invisibility, Purification, Heal Other, Heal Self


You were on level 1 of the Vaults.
You worshipped Elyvilon.
Elyvilon was most pleased with you.
You visited 7 branches of the dungeon, and saw 32 of its levels.
You also visited: Gauntlet, Ice Cave, Volcano and Wizlab.

You collected 5031 gold pieces.
You spent 1619 gold pieces at shops.

Inventory:

Hand Weapons
 a - a +4 bardiche of freezing (weapon)
 i - the +6 glaive of Leeck {vorpal, rElec rF- rN+}
   (You found it on level 4 of the Shoals)

   It inflicts extra damage upon your enemies.
   rF:        It makes you vulnerable to fire.
   rElec:     It insulates you from electricity.
   rN:        It protects you from negative energy.
 H - the +7 great mace "Undeadhunter" {disrupt, rN+}
   (You took it off a minotaur in a Gauntlet)

   It inflicts significantly more damage against the undead.
   rN:        It protects you from negative energy.
Missiles
 M - 8 silver javelins (quivered)
Armour
 c - a +2 hat (worn)
 y - a +2 troll leather armour (worn)
 D - a +2 cloak of stealth (worn)
 Y - +0 acid dragon scales
Jewellery
 f - a ring of poison resistance (right hand)
 k - the ring "Utu Tont" {Fly rC++ MP+9}
   (You found it in a Gauntlet)

   [ring of flight]

   rC:        It greatly protects you from cold.
   MP:        It affects your magic capacity (+9).
   Fly:       It grants you flight.
 q - a +6 ring of strength
 t - a ring of see invisible (left hand)
 x - a +4 ring of protection
 G - a ring of protection from fire
 Q - the amulet "Gararr" (around neck) {+Inv rF++ rC+ Regen+ Int-2}
   (You found it in a Gauntlet)

   [amulet of regeneration]

   Int:       It affects your intelligence (-2).
   rF:        It greatly protects you from fire.
   rC:        It protects you from cold.
   +Inv:      It lets you turn invisible.
   Regen:     It increases your rate of health regeneration.
 R - a ring of resist corrosion
 S - the amulet "Soukack" {Faith Stlth+}
   (You found it on level 4 of the Shoals)

   [amulet of faith]

   It allows you to gain divine favour quickly.
   Stlth:     It makes you more stealthy.
 U - the amulet "Geefyvug" {Acrobat Slay+2}
   (You found it in a wizard's laboratory)

   [amulet of the acrobat]

   It increases your evasion while moving and waiting.
   Slay:      It affects your accuracy & damage with ranged weapons and melee
   (+2).
Wands
 m - a wand of polymorph (17)
 r - a wand of paralysis (7)
 w - a wand of roots (18)
 z - a wand of quicksilver (6)
 E - a wand of flame (60)
 I - a wand of mindburst (28)
Scrolls
 b - 4 scrolls of vulnerability
 j - 2 scrolls of magic mapping
 u - 7 scrolls of immolation
 B - 3 scrolls of silence
 C - 7 scrolls of amnesia
 J - a scroll of fear
 K - 4 scrolls of butterflies
 L - 2 scrolls of blinking
 N - 3 scrolls of brand weapon
 W - 3 scrolls of poison
Potions
 e - 3 potions of magic
 g - 2 potions of haste
 h - 3 potions of curing
 l - 6 potions of lignification
 n - 3 potions of attraction
 o - 5 potions of resistance
 s - a potion of invisibility
 v - a potion of might
 F - 7 potions of mutation
 T - 5 potions of flight
 Z - 12 potions of ambrosia
Miscellaneous
 p - a lightning rod (4/4)
 A - a box of beasts (inert)
 O - a tin of tremorstones (2/2)
 P - a phial of floods


   Skills:
 O Level 27 Fighting
 * Level 20.4 Polearms
 - Level 9.0 Throwing
 + Level 14.5 Dodging
 - Level 1.4 Stealth
 * Level 17.7 Invocations


You had 18 spell levels left.
You didn't know any spells.
Your spell library contained the following spells:

 Spells                   Type           Power      Damage    Failure   Level
 Foxfire                  Conj/Fire      0%         2x1d4     52%         1
 Sandblast                Erth           0%         2d4       52%         1
 Shock                    Conj/Air       0%         1d3       52%         1
 Summon Small Mammal      Summ           0%         N/A       52%         1
 Passwall                 Tmut/Erth      0%         N/A       67%         2
 Call Canine Familiar     Summ           0%         N/A       88%         3
 Conjure Flame            Conj/Fire      0%         6-21      88%         3
 Dazzling Flash           Conj/Hex       0%         N/A       88%         3
 Inner Flame              Hex/Fire       0%         N/A       88%         3
 Ozocubu's Armour         Ice            0%         N/A       88%         3
 Stone Arrow              Conj/Erth      0%         3d7       88%         3
 Summon Guardian Golem    Hex/Summ       0%         N/A       88%         3
 Swiftness                Air            0%         N/A       88%         3
 Airstrike                Air            0%         2d(0-16)  99%         4
 Animate Armour           Summ/Erth      0%         N/A       99%         4
 Flame Wave               Conj/Fire      0%         2d4       99%         4
 Iskenderun's Mystic Bla  Conj/Tloc      0%         2d3       99%         4
 Summon Lightning Spire   Summ/Air       0%         N/A       99%         4
 Blade Hands              Tmut           0%         N/A       100%        5
 Metabolic Englaciation   Hex/Ice        0%         N/A       100%        5
 Iron Shot                Conj/Erth      0%         9d1       100%        6
 Simulacrum               Ice/Necr       0%         N/A       100%        6
 Starburst                Conj/Fire      0%         6d3       100%        6
 Storm Form               Tmut/Air       0%         N/A       100%        7
 Maxwell's Capacitive Co  Air            0%         ∞         100%        8


Dungeon Overview and Level Annotations

Branches:
Dungeon (15/15)            Temple (1/1) D:7            Lair (5/5) D:9
 Shoals (4/4) Lair:3       Spider (4/4) Lair:3        Slime (0/5) Lair:5
    Orc (2/2) D:12            Elf (0/3) Orc:2        Vaults (1/5) D:14
 Depths (0/4) D:15          IceCv (visited)         Volcano (visited)
 WizLab (visited)         Gauntlet (visited)

Altars:
Ashenzari
Cheibriados
Dithmenos
Elyvilon
Fedhas
Gozag
Hepliaklqana
Kikubaaqudgha
Makhleb
Nemelex Xobeh
Okawaru
Qazlal
Ru
Sif Muna
Trog
Uskayaw
Vehumet
Wu Jian
Xom
Yredelemnul
Zin
The Shining One
Jiyva

Shops:
D:12 :   D:13 *   Orc:2 ?(:=*   Shoals:1 ((((

Annotations:
D:7 2 transporters, McKennaii's ghost, novice DgIE
Lair:1 exclusion: 3 oklob plants
Lair:2 exclusion: 2 oklob plants


Innate Abilities, Weirdness & Mutations

You are too large for most types of armour.
You have tough skin. (AC +1)
You are very dopey. (Int -4)
You are resistant to electric shocks. (rElec)


Message History

The vault sentinel is heavily wounded.
The vault sentinel unwields a +0 long sword.
The vault sentinel wields a +0 arbalest.
The vault sentinel shoots a bolt.
The bolt hits you.
* * * LOW HITPOINT WARNING * * *
Throw: 3 large rocks
Press: ? - help, Q - select action, (/) - cycle Shift-Dir - straight line, f/p - vault sentinel
Aim: a vault sentinel, wielding a +0 arbalest and wearing a +0 ring mail (heavily wounded, 68% to hit)
You throw a large rock.
The large rock hits the vault sentinel!!!
You kill the vault sentinel!
Throw: 2 large rocks
Press: ? - help, Q - select action, (/) - cycle Shift-Dir - straight line, f - dire elephant
Aim: a dire elephant (92% to hit)
You throw a large rock. The large rock hits the dire elephant!!
The dire elephant is lightly wounded.
You hear a trumpeting!
Throw: large rock
Press: ? - help, Q - select action, (/) - cycle Shift-Dir - straight line, f/p - dire elephant
Aim: a dire elephant (lightly wounded, 92% to hit)
You throw a large rock. The large rock hits the dire elephant!!
The dire elephant is moderately wounded.
The dire elephant closely misses you.
The dire elephant trunk-slaps you but does no damage.
You slash the dire elephant! You freeze the dire elephant.
The dire elephant is heavily wounded.
The dire elephant tramples you!!
* * * LOW HITPOINT WARNING * * *
You hold your ground!
The dire elephant trunk-slaps you but does no damage.
You slash the dire elephant! You freeze the dire elephant.
The dire elephant is severely wounded.
The dire elephant tramples you!!
* * * LOW HITPOINT WARNING * * *
You hold your ground!
The dire elephant misses you.
As you read the scroll of fear, it crumbles to dust.
You assume a fearsome visage.
The dire elephant easily resists.
The dire elephant resists with some effort.
The dire elephant tramples you!
You die...

......# *,,,,* *,,,,,,* ......#
#....# *,,,,,,* ......#
#....#******+****** Y.....#
#....#,,,,,,,* ......#
#....#,,,,,,,* pY∩...#
#....#,,,,,,,* .§....#
#....#,,,,,,,* ......#
#....#,,,,,,,* .....p#
#...@#,,,,,,,* ..Y..T#
#..Y.#,,,,,,,* ...p.Y#
#.(..#,,,,,,,*
###T######**#Y...#*****+*********
...........)......,,,,,,,,,,,,,,,
...................,,,,,,,,,,,,,,
...................,,,,,,,,,,,,,,
....................,,,,,,,,,,,,,
###########**,,,,****************


You could see 2 dire elephants.

Vanquished Creatures
  Mara (Shoals:3)
  Nikola (Spider:3)
  An electric golem (WizLab)
  An azure jelly (Lair:5)
  A fire giant (WizLab)
  13 emperor scorpions
  2 ghost moths
  An angel (WizLab)
  2 war gargoyles (WizLab)
  6 ironbound thunderhulks
  A minotaur (Gauntlet)
  6 entropy weavers
  Azrael (D:14)
  3 crystal guardians (WizLab)
  A yaktaur captain (Vaults:1)
  4 merfolk javelineers
  An ettin (D:15)
  6 merfolk impalers
  2 great orbs of eyes (Vaults:1)
  4 vault guards (D:14)
  A fire dragon (Lair:5)
  10 peacekeepers (WizLab)
  2 salamander tyrants (WizLab)
  A rakshasa (D:15)
  A hell beast (Gauntlet)
  10 boulder beetles
  An ice dragon (D:14)
  An ogre mage (D:14)
  A hydra (D:14)
  A satyr (Shoals:4)
  6 radroaches
  5 catoblepae
  4 merfolk aquamancers
  2 merfolk avatars
  6 two-headed ogres
  6 centaur warriors
  2 tengu warriors
  4 orc high priests (Orc:2)
  3 death yaks (Lair:5)
  7 skeletal warriors
  5 pharaoh ants
  3 sun moths (Spider:3)
  2 deep trolls (D:15)
  19 sea snakes
  9 orb spiders
  5 steelbarb worms
  8 harpies
  8 lindwurms
  A tengu zombie (Vaults:1)
  4 orc knights (Orc:2)
  A necromancer (Vaults:1)
  2 deep elf pyromancers
  5 fauns (Shoals:1)
  A cyclops (shapeshifter) (Gauntlet)
  18 ugly things
  5 orc sorcerers
  22 wolf spiders
  11 manticores
  9 cyclopes
  5 elephants
  6 moths of wrath
  5 water nymphs
  Maurice (D:8)
  8 merfolk sirens
  A salamander (WizLab)
  2 torpor snails
  An ice statue (IceCv)
  6 molten gargoyles
  6 black mambas
  4 vault sentinels
  A toenail golem (Volcano)
  11 gargoyles
  6 cane toads
  5 rime drakes
  An unseen horror (D:8)
  3 yaktaurs (Vaults:1)
  4 demonic crawlers
  3 efreet
  13 komodo dragons
  An anaconda simulacrum (IceCv)
  A freezing wraith (IceCv)
  4 tengu conjurers
  An ice devil (IceCv)
  8 trolls
  A queen bee (D:9)
  19 merfolk
  4 meliai
  3 wind drakes
  9 hornets
  24 tarantellas
  14 slime creatures
  6 snapping turtles
  A hornet (shapeshifter) (D:14)
  A blink frog (shapeshifter) (D:14)
  8 dream sheep
  12 blink frogs
  A jumping spider (shapeshifter) (D:14)
  31 jumping spiders
  3 wyverns
  3 shadows
  20 water elementals
  29 yaks
  17 culicivoras
  A vampire (D:11)
  3 hogs (Lair:5)
  Eustachio (D:4)
  3 wraiths
  74 redbacks
  A steam dragon (Lair:5)
  6 vampire mosquitoes
  A basilisk (shapeshifter) (D:14)
  5 basilisks
  6 fire elementals
  A yaktaur simulacrum (Vaults:1)
  Menkaure (D:6)
  2 harpy simulacra (IceCv)
  7 wargs
  5 water moccasins
  6 hell hounds
  An acid dragon (Lair:5)
  An ogre skeleton (Vaults:1)
  Duvessa (D:4)
  A sky beast (D:7)
  2 black bears
  An ice beast (shapeshifter) (D:14)
  24 orc warriors
  2 ice beasts (D:6)
  2 swamp drakes (Lair:5)
  4 boggarts (Lair:4)
  23 wolves
  6 ogres
  5 centaurs
  3 kobold brigands
  7 bullfrogs
  2 scorpions
  7 two-headed ogre simulacra
  6 earth elementals
  3 cane toad simulacra (IceCv)
  9 wights
  Dowan (D:4)
  26 killer bees
  An elephant simulacrum (Orc:2)
  An electric eel (Spider:1)
  8 howler monkeys
  Crazy Yiuf (D:5)
  19 orc priests
  3 hounds
  11 jellies
  Jessica (D:2)
  A gnoll bouda (D:7)
  29 orc wizards
  7 iguanas
  2 lightning spires (WizLab)
  5 polar bear simulacra
  7 spriggan simulacra
  9 troll simulacra
  A wolf simulacrum (IceCv)
  Robin (D:2)
  7 gnolls
  8 adders
  8 naga simulacra
  6 white imps
  9 ufetubi (IceCv)
  3 worms
  4 dart slugs
  61 orcs
  5 ball pythons
  A bat (D:2)
  12 endoplasms
  8 giant cockroaches
  15 goblins
  9 hobgoblins
  2 jackals (D:1)
  12 kobolds
  3 quokkas
  2 training dummies (D:4)
  A frilled lizard (D:2)
  3 rats
  6 fire vortices (Volcano)
1135 creatures vanquished.

Vanquished Creatures (collateral kills)
  2 merfolk javelineers (Shoals:4)
  A merfolk impaler (Shoals:4)
  A merfolk aquamancer (Shoals:2)
  3 harpies (Shoals:2)
  A merfolk (Shoals:2)
8 creatures vanquished.

Vanquished Creatures (others)
  A frost giant (Shoals:4)
  An entropy weaver (Spider:2)
  A merfolk aquamancer (Shoals:4)
  3 hydras
  A satyr (Shoals:4)
  A wizard (D:15)
  2 moths of wrath (Spider:3)
  An ugly thing (D:14)
  A gargoyle (D:10)
  2 komodo dragons
  A troll (D:12)
  A queen bee (Gauntlet)
  4 slime creatures
  A redback (Spider:2)
  A vampire mosquito (D:12)
  3 killer bees
  2 orc priests
  An orc wizard (Orc:2)
  An ufetubus (IceCv)
  An orc (Orc:1)
  23 fungi
  63 plants
116 creatures vanquished.

Grand Total: 1259 creatures vanquished

Notes
Turn   | Place    | Note
-------+----------+-------------------------------------------
     0 | D:1      | Gabide the Ogre Monk began the quest for the Orb.
     0 | D:1      | Reached XP level 1. HP: 24/24 MP: 1/1
   197 | D:1      | Reached XP level 2. HP: 30/32 MP: 2/2
   846 | D:1      | Found a faded altar of an unknown god.
   883 | D:2      | Reached XP level 3. HP: 35/40 MP: 3/3
  1346 | D:2      | Noticed Robin
  1368 | D:2      | Reached skill level 5 in Fighting
  1398 | D:2      | Killed Robin
  1399 | D:2      | Reached XP level 4. HP: 8/50 MP: 4/4
  1937 | D:2      | Noticed Jessica
  1947 | D:2      | Killed Jessica
  2312 | D:3      | Reached XP level 5. HP: 57/57 MP: 5/5
  2894 | D:3      | Reached skill level 6 in Fighting
  3157 | D:4      | Reached XP level 6. HP: 44/67 MP: 6/6
  3405 | D:4      | Reached skill level 5 in Polearms
  3563 | D:4      | Reached skill level 7 in Fighting
  3636 | D:4      | Reached XP level 7. HP: 41/78 MP: 7/7
  3879 | D:4      | Noticed Eustachio
  3888 | D:4      | Killed Eustachio
  4348 | D:4      | Noticed Duvessa
  4457 | D:4      | Killed Duvessa
  4457 | D:4      | Noticed Dowan
  4458 | D:4      | Reached skill level 8 in Fighting
  4466 | D:4      | Killed Dowan
  4467 | D:4      | Reached XP level 8. HP: 63/88 MP: 8/8
  4657 | D:5      | Entered Level 5 of the Dungeon
  5393 | D:5      | Found a runed translucent door.
  5394 | D:5      | Noticed Crazy Yiuf
  5402 | D:5      | Killed Crazy Yiuf
  5403 | D:5      | Reached skill level 9 in Fighting
  5927 | D:6      | Found a glowing golden altar of the Shining One.
  5962 | D:6      | Reached skill level 5 in Dodging
  6416 | D:6      | Noticed Menkaure
  6421 | D:6      | Killed Menkaure
  6422 | D:6      | Reached skill level 10 in Fighting
  6422 | D:6      | Reached XP level 9. HP: 101/101 MP: 9/9
  7053 | D:7      | Found a transporter.
  7056 | D:7      | Noticed McKennaii's ghost (novice DgIE)
  7484 | D:7      | Reached skill level 11 in Fighting
  7847 | D:7      | Found a staircase to the Ecumenical Temple.
  7858 | Temple   | Entered the Ecumenical Temple
  7916 | Temple   | Became a worshipper of Elyvilon the Healer
  7916 | Temple   | Reached * piety under Elyvilon
  7916 | Temple   | Reached ** piety under Elyvilon
  8370 | D:7      | Found a transporter.
  8614 | D:8      | Noticed a gargoyle
  8640 | D:8      | Killed a gargoyle
  8641 | D:8      | Reached skill level 12 in Fighting
  8808 | D:8      | Noticed Maurice
  8812 | D:8      | Reached XP level 10. HP: 115/115 MP: 10/12
  8813 | D:8      | Noticed a boulder beetle
  8823 | D:8      | Killed Maurice
  8824 | D:8      | Reached skill level 5 in Invocations
  8836 | D:8      | Killed a boulder beetle
  8904 | D:8      | Killed an unseen horror
  9026 | D:8      | Found a glowing silver altar of Zin.
  9437 | D:9      | Found a staircase to the Lair.
  9598 | D:9      | Found a broken altar of Ashenzari.
  9601 | D:9      | Found an ancient bone altar of Kikubaaqudgha.
  9603 | D:9      | Found a sacrificial altar of Ru.
  9603 | D:9      | Found an iron altar of Okawaru.
  9684 | D:9      | Noticed a two-headed ogre
  9689 | D:9      | Killed a two-headed ogre
  9745 | D:9      | Noticed a two-headed ogre
  9754 | D:9      | Reached XP level 11. HP: 46/124 MP: 16/18
  9755 | D:9      | Killed a two-headed ogre
  9840 | D:9      | Reached *** piety under Elyvilon
 10090 | Lair:1   | Entered Level 1 of the Lair of Beasts
 10350 | Lair:1   | Noticed an oklob plant
 10351 | Lair:1   | Noticed an oklob plant
 10386 | Lair:1   | Noticed an oklob plant
 10485 | Lair:1   | Reached **** piety under Elyvilon
 10772 | Lair:2   | Reached skill level 13 in Fighting
 10772 | Lair:2   | Reached skill level 10 in Invocations
 10874 | Lair:2   | Noticed a seven-headed hydra
 10877 | Lair:2   | Pacified a seven-headed hydra
 10878 | Lair:2   | Reached skill level 10 in Polearms
 11381 | Lair:2   | Noticed an oklob plant
 11381 | Lair:2   | Noticed an oklob plant
 11395 | Lair:2   | Reached skill level 14 in Fighting
 11395 | Lair:2   | Reached XP level 12. HP: 97/139 MP: 20/20
 12084 | Lair:3   | Found a gate leading to a gauntlet.
 12092 | Gauntlet | Entered a Gauntlet
 12092 | Gauntlet | Found a transporter.
 12092 | Gauntlet | Found a transporter.
 12092 | Gauntlet | Found a transporter.
 12093 | Gauntlet | Found a transporter.
 12096 | Gauntlet | Found a transporter.
 12096 | Gauntlet | Found a transporter.
 12106 | Gauntlet | Found a transporter.
 12110 | Gauntlet | Found a transporter.
 12112 | Gauntlet | Noticed a hell beast
 12125 | Gauntlet | Found a transporter.
 12125 | Gauntlet | Found a transporter.
 12144 | Gauntlet | Found a transporter.
 12148 | Gauntlet | Found a transporter.
 12149 | Gauntlet | Noticed a soul eater
 12433 | Gauntlet | Killed a hell beast
 12468 | Gauntlet | Identified the ring "Utu Tont" {Fly rC++ MP+9}
 12505 | Gauntlet | Noticed a minotaur
 12511 | Gauntlet | Killed a minotaur
 12551 | Gauntlet | Identified the amulet "Gararr" {+Inv rF++ rC+ Regen+ Int-2}
 12952 | Lair:3   | Found a hole to the Spider Nest.
 13312 | Lair:3   | Found a staircase to the Shoals.
 13717 | Lair:4   | Reached skill level 15 in Fighting
 14613 | Lair:5   | Entered Level 5 of the Lair of Beasts
 14644 | Lair:5   | Noticed a catoblepas
 14659 | Lair:5   | Killed a catoblepas
 14681 | Lair:5   | Reached XP level 13. HP: 34/150 MP: 19/22
 14790 | Lair:5   | Reached ***** piety under Elyvilon
 15002 | Lair:5   | Noticed a dire elephant
 15004 | Lair:5   | Pacified a dire elephant
 15015 | Lair:5   | Reached skill level 16 in Fighting
 15197 | Lair:5   | Reached skill level 10 in Dodging
 15205 | Lair:5   | Noticed a dire elephant
 15208 | Lair:5   | Pacified a dire elephant
 15554 | Lair:5   | Found a viscous altar of Jiyva.
 15556 | Lair:5   | Found a staircase to the Slime Pits.
 15568 | Lair:5   | Noticed Kirke
 15616 | Lair:5   | Pacified Kirke
 15681 | Lair:5   | Noticed an azure jelly
 16125 | Lair:5   | Killed an azure jelly
 16131 | Lair:5   | Reached skill level 17 in Fighting
 16131 | Lair:5   | Reached XP level 14. HP: 112/166 MP: 24/24
 16372 | Lair:5   | Identified the amulet "Asuduvon" {Harm rC+ Regen+ Int+4}
 17024 | D:10     | Entered Level 10 of the Dungeon
 17700 | D:10     | Found an opulent altar of Gozag.
 19122 | D:11     | Reached skill level 18 in Fighting
 19854 | D:12     | Found a staircase to the Orcish Mines.
 19968 | D:12     | Found Nokumif's Book Shop.
 20378 | D:13     | Reached skill level 15 in Invocations
 20552 | D:13     | Reached XP level 15. HP: 165/178 MP: 26/26
 20607 | D:13     | Found Arissuomp's CLEARANCE SALE!.
 20611 | D:13     | Bought a potion of haste for 40 gold pieces
 20611 | D:13     | Bought a potion of curing for 12 gold pieces
 20910 | D:14     | Found a gate to the Vaults.
 21454 | D:14     | Identified the +4 robe of Amelioration {-Cast rN+ Slay+3}
 21488 | D:14     | Reached skill level 19 in Fighting
 21503 | D:14     | Noticed Agnes
 21516 | D:14     | Pacified Agnes
 21722 | D:14     | Reached skill level 15 in Polearms
 21906 | D:14     | Paralysed by a hornet for 3 turns
 22032 | D:14     | Identified the +1 scale mail of Undesirable Species {+Inv
                  | rN+ Regen+}
 22148 | D:14     | Noticed Azrael
 22183 | D:14     | Killed Azrael
 22655 | D:15     | Entered Level 15 of the Dungeon
 22677 | D:14     | HP: 3/182 [large slime creature (26)]
 22677 | D:14     | Elyvilon protects you from harm!
 23008 | D:15     | Reached XP level 16. HP: 163/192 MP: 28/28
 23502 | D:15     | Found a staircase to the Depths.
 23694 | Orc:1    | Entered Level 1 of the Orcish Mines
 23704 | Orc:1    | Reached skill level 20 in Fighting
 23892 | Orc:1    | Found a dark tunnel.
 23907 | Volcano  | Entered a volcano
 23985 | Volcano  | Identified the +2 helmet of the Cockatrice {Dex+3}
 24554 | Orc:2    | Entered Level 2 of the Orcish Mines
 24563 | Orc:2    | Found a staircase to the Elven Halls.
 24574 | Orc:2    | Found a frozen archway.
 24609 | IceCv    | Entered an ice cave
 25458 | Orc:2    | Found Saim Fikk's General Store.
 25463 | Orc:2    | Paralysed by an orc sorcerer for 4 turns
 25465 | Orc:2    | Gained mutation: You are clumsy. (Dex -2) [a neqoxec]
 25642 | Orc:2    | Found Rod Buent's Jewellery Emporium.
 25647 | Orc:2    | Found Xaread's Book Emporium.
 25649 | Orc:2    | Found Utuluh's Magic Scroll Shop.
 25658 | Orc:2    | Bought a scroll of enchant armour for 105 gold pieces
 25658 | Orc:2    | Bought a scroll of enchant weapon for 105 gold pieces
 25658 | Orc:2    | Bought a scroll of enchant weapon for 105 gold pieces
 25660 | Orc:2    | Bought a manual of Fighting for 880 gold pieces
 25837 | Orc:2    | Found Qylucos's Firing Range.
 25846 | Orc:2    | Bought 2 throwing nets for 72 gold pieces
 26517 | Shoals:1 | Entered Level 1 of the Shoals
 26538 | Shoals:1 | HP: 8/191 [water elemental[a merfolk aquamancer] (15)]
 26538 | Shoals:1 | HP: 1/191 [water elemental[a merfolk aquamancer] (7)]
 26541 | Shoals:1 | Elyvilon protects you from harm!
 26757 | Shoals:1 | Reached skill level 21 in Fighting
 26764 | Shoals:1 | HP: 9/196 [manticore (8)]
 27103 | Shoals:1 | Found Caides's Weapon Shoppe.
 27109 | Shoals:1 | Found Piuriom's Weapon Boutique.
 27321 | Shoals:1 | Found Vyatho Mife's Weapon Shoppe.
 27564 | Shoals:1 | Reached skill level 22 in Fighting
 27691 | Shoals:1 | Found Heodadie's Antique Weapon Shop.
 27866 | Shoals:2 | Reached XP level 17. HP: 188/210 MP: 29/29
 28815 | Shoals:3 | Reached skill level 23 in Fighting
 28882 | Shoals:3 | Noticed Mara
 28897 | Shoals:3 | Killed Mara
 29680 | Shoals:4 | Entered Level 4 of the Shoals
 29797 | Shoals:4 | Reached skill level 24 in Fighting
 29951 | Shoals:4 | HP: 10/215 [merfolk javelineer/silver javelin (5)]
 30228 | Shoals:4 | Identified the +6 glaive of Leeck {vorpal, rElec rF- rN+}
 30589 | Shoals:4 | Identified the +0 scale mail of the Stonemason {rCorr}
 30980 | Shoals:4 | Reached skill level 25 in Fighting
 31064 | Shoals:4 | Identified the amulet "Soukack" {Faith Stlth+}
 31149 | Shoals:4 | Noticed Ilsuiw
 31152 | Shoals:4 | Pacified Ilsuiw
 31338 | Shoals:4 | Got a barnacled rune of Zot
 31488 | Spider:1 | Entered Level 1 of the Spider Nest
 31600 | Lair:3   | Lost mutation: You are clumsy. (Dex -2) [potion of
                  | mutation]
 31600 | Lair:3   | Gained mutation: You are dopey. (Int -2) [potion of
                  | mutation]
 31600 | Lair:3   | Gained mutation: You are very dopey. (Int -4) [potion of
                  | mutation]
 31600 | Lair:3   | Gained mutation: You are resistant to electric shocks.
                  | (rElec) [potion of mutation]
 31767 | Orc:2    | Bought a ring of poison resistance for 300 gold pieces
 32329 | Spider:1 | Reached XP level 18. HP: 232/232 MP: 30/30
 32408 | Spider:1 | Reached skill level 26 in Fighting
 34964 | Spider:3 | Identified a scroll of acquirement
 34976 | Spider:3 | Acquired 913 gold pieces
 34982 | Spider:3 | Noticed Nikola
 35006 | Spider:3 | Killed Nikola
 35007 | Spider:3 | Reached skill level 27 in Fighting
 35385 | Spider:3 | Paralysed by a hornet for 3 turns
 35477 | Spider:4 | Entered Level 4 of the Spider Nest
 35836 | Spider:3 | Reached skill level 1 in Throwing
 36293 | Spider:4 | Reached XP level 19. HP: 184/245 MP: 31/31
 36298 | Spider:4 | Identified the +3 scale mail of Nemelex Xobeh's Esteem
                  | {Will+ Int+3 Stlth+}
 36575 | Spider:4 | Reached skill level 5 in Throwing
 36834 | Spider:4 | HP: 16/330 [emperor scorpion (17)]
 37455 | Spider:4 | Got a gossamer rune of Zot
 37790 | Vaults:1 | Entered Level 1 of the Vaults
 38159 | Vaults:1 | Found a magical portal.
 38164 | WizLab   | Entered Maxwell's Workshop
 38318 | WizLab   | HP: 12/245 [angel/+0 great mace of holy wrath (11)]
 38772 | WizLab   | Acquired 913 gold pieces
 39026 | WizLab   | Identified the amulet "Geefyvug" {Acrobat Slay+2}
 39046 | WizLab   | Noticed an electric golem
 39074 | WizLab   | HP: 9/245 [electric golem/bolt of lightning (14)]
 39076 | WizLab   | Killed an electric golem
 39253 | WizLab   | Identified the +1 mace "Xeurpheth" {pain, Contam Str+4
                  | Int-4 Stlth+}
 39257 | WizLab   | Identified the ring of Meodioj {Ice Dex+6}
 39371 | WizLab   | Identified the ring "Eqaoxogung" {Fire MP+9}
 39800 | Vaults:1 | HP: 10/245 [dire elephant (33)]
 39801 | Vaults:1 | Slain by a dire elephant

Illustrated notes

Levels and vault maps discovered:
D:1:      co_arrival_random_square_maze, layout_basic,
          dilly_ecumenical_altar_fadedgnrine, st_stairs_11
D:2:      layout_rooms, serial_co_window_serial, co_window_of_opportunity_a,
          co_window_of_opportunity_a, co_window_corner_a, co_window_corner_a,
          co_window_corner_a, co_window_of_opportunity_b, co_window_corner_b,
          co_window_corner_b, co_window_2corner, co_window_corner_b,
          glass_columns_a, glass_columns_a, glass_columns_a, glass_columns_c,
          glass_columns_b, uniq_robin, uniq_jessica
D:3:      layout_loops_ring
D:4:      dreamdust_elfheim, layout_cave_pools, minmay_bent, uniq_eustachio
D:5:      layout_rooms, nrook_loot_triangle, uniq_crazy_yiuf_cottage
D:6:      minmay_recursive_quarters, layout_gridville,
          nicolae_tso_carved_into_rock, uniq_menkaure
D:7:      layout_basic, minmay_temple_entry_statues_fountains,
          gammafunk_ghost_hive
D:8:      minmay_diamond_stairs, layout_cave_pools, zin_scriptorium,
          uniq_maurice
D:9:      layout_small_grid, grunt_temple_overflow_open,
          erik_lair_orcish_takeover
D:10:     layout_layer_cave, grunt_gozag_statues, special_room
          [special_room_bee]
D:11:     layout_small_grid, nooodl_orcs_dogs
D:12:     layout_gridville, orc_0_dummy, serial_shops, shop_fountains,
          kennysheep_kite_vault
D:13:     layout_rooms, nicolae_shop_clearance
D:14:     layout_gridville, lightli_vaults_fourway_checkpoint, hex_medium,
          minmay_the_grid_square_5x5_3x3_mashed
          [minmay_the_grid_square_5x5_sharp_hourglass,
          minmay_the_grid_square_5x5_beaten_path,
          minmay_the_grid_square_5x5_broken_cross,
          minmay_the_grid_square_5x5_three_small,
          minmay_the_grid_square_5x5_megaprize_diamond,
          minmay_the_grid_square_5x5_inset,
          minmay_the_grid_square_5x5_hourglass,
          minmay_the_grid_square_5x5_pentomino_r,
          minmay_the_grid_square_5x5_shrine2], uniq_azrael, uniq_agnes
D:15:     hangedman_depths_entry_civil_slaughter, layout_cave_pools
Temple:   regret_index_temple_waves
Lair:1:   layout_roguey, disabler_island, uniq_harold
Lair:2:   dpeg_oklob_gauntlet, layout_loops_ring
Lair:3:   layout_loops_ring, minmay_shoals_entry_lonely_mermaid,
          spider_nest_entry_rubble, gauntlet_entry_generic, grunt_megastairs_5
Lair:4:   layout_loops_ring, kilobyte_rumbling_trees
Lair:5:   guppyfry_lair_end_dragon, layout_regular_city,
          hangedman_lair_in_review, nicolae_slime_entry_slimehenge,
          nicolae_lair_time_for_slime, uniq_kirke
Shoals:1: layout_shoals, serial_shops, nicolae_shop_waterfront,
          nicolae_take_the_stairs, nicolae_shop_trees, shop,
          nicolae_shoals_lost_giant_hut
Shoals:2: layout_shoals
Shoals:3: layout_shoals, uniq_mara
Shoals:4: shoals_end_grunt_ice, layout_shoals, shoals_ilsuiw_alternative
Spider:1: layout_spider_delve
Spider:2: layout_spider_delve, nicolae_spider_checkerboard
Spider:3: layout_spider_delve, spiders_nest_hornet_nest, uniq_nikola
Spider:4: grunt_spider_rune_circles, nicolae_spider_scorpion_nest
Orc:1:    layout_caves, enter_volcano_3
Orc:2:    st_orc_elflike, layout_caves, portal_ice_cave_entry_ice_simulacra,
          nicolae_shop_firing_range
Vaults:1: mu_enter_wizlab_2, vaults_mumra_minichess_inversion,
          nicolae_vaults_circle_grid_a, nicolae_vaults_network_barrier,
          ontoclasm_vaults_claustrophobia, v_misc_2, st_smaller_cells,
          layout_vaults_quadrants

Skill      XL: |  1  2  3  4  5  6  7  8  9 10 11 12 13 14 15 16 17 18 19 |
---------------+----------------------------------------------------------+-----
Dodging        | 3 4 5 6 7 9 10 11 13 14 | 14.5
Fighting       | 5 6 7 8 10 12 14 15 17 18 19 22 25 27 | 27.0
Polearms       | 4 5 6 7 9 10 11 13 14 15 16 18 20 | 20.4
Invocations    | 3 9 10 12 13 15 16 17 | 17.7
Throwing       | 4 9 |  9.0
Stealth        | |  1.4

Action                   |  1- 3 |  4- 6 |  7- 9 | 10-12 | 13-15 | 16-18 | 19-21 || total
-------------------------+-------+-------+-------+-------+-------+-------+-------++-------
Melee: Spear             |   142 |    57 |    13 |       |       |       |       ||   212
       Punch             |     1 |     1 |       |       |       |       |       ||     2
       Glaive            |       |    91 |   229 |   436 |  1145 |    55 |       ||  1956
       Bardiche          |       |       |       |       |       |  1594 |   328 ||  1922
Throw: Boomerang         |       |    16 |     4 |     6 |    10 |       |       ||    36
       Throwing net      |       |     1 |     2 |     1 |     1 |     8 |       ||    13
       Javelin           |       |       |     2 |     3 |     2 |    26 |    16 ||    49
       Large rock        |       |       |       |       |       |    84 |    82 ||   166
Invok: Heal Other        |       |       |       |    12 |    29 |    14 |    13 ||    68
       Purification      |       |       |       |     1 |     2 |     1 |     1 ||     5
       Heal Self         |       |       |       |       |     9 |    10 |     6 ||    25
       Divine Vigour     |       |       |       |       |     1 |     2 |     1 ||     4
Evoke: Wand              |       |     3 |    13 |    18 |    10 |     6 |       ||    50
       Phial of floods   |       |       |       |       |       |     1 |       ||     1
       Box of beasts     |       |       |       |       |       |       |     1 ||     1
  Use: Potion            |     1 |     1 |     2 |     5 |     4 |    30 |     6 ||    49
       Scroll            |       |    11 |    10 |    11 |     9 |    19 |    13 ||    73
 Stab: Sleeping          |     3 |     1 |     5 |    10 |     8 |    11 |     3 ||    41
       Paralysed         |       |     4 |    11 |    10 |     8 |     3 |       ||    36
       Held in net/web   |       |       |       |     1 |       |     1 |       ||     2
       Distracted        |       |       |       |     2 |     3 |     4 |     3 ||    12
       Invisible         |       |       |       |     1 |       |       |       ||     1
       Petrified         |       |       |       |       |    11 |       |       ||    11
Armor: Robe              |    32 |    55 |    95 |   181 |    83 |       |       ||   446
       Acid dragon scale |       |       |       |       |   234 |       |       ||   234
       Troll leather arm |       |       |       |       |   169 |   987 |   200 ||  1356
Dodge: Dodged            |    53 |    64 |   134 |   307 |   766 |  1432 |   283 ||  3039
